 Dungeon Crawl Stone Soup version 0.29-a0-270-g1586fc07ea (webtiles) character file.

Game seed: 5424621709668079542

49550 dolemite99 the Fencer (level 14, -9/135 HPs)
             Began as a Minotaur Fighter on Mar 8, 2022.
             Was an Elder of Okawaru.
             Mangled by an orc knight
             ... wielding a +0 battleaxe
              (23 damage)
             ... on level 2 of the Orcish Mines.
             The game lasted 00:32:15 (27359 turns).

dolemite99 the Fencer (Minotaur Fighter)           Turns: 27359, Time: 00:32:15

Health: -9/135     AC: 25    Str: 24    XL:     14   Next: 16%
Magic:  19/19      EV: 10    Int: 13    God:    Okawaru [****..]
Gold:   1703       SH:  4    Dex: 12    Spells: 13/13 levels left

rFire   + . .      SeeInvis .   b - +0 scimitar (freeze)
rCold   + . .      Faith    .   c - +0 buckler
rNeg    . . .      Spirit   .   P - +2 plate armour {rC+}
rPois   .          Reflect  .   (helmet restricted)
rElec   .          Harm     .   h - +0 cloak
rCorr   .          Rampage  .   X - +2 pair of gloves "Hoakavusm" {Will+}
Will    ++...                   (no boots)
Stlth   ..........              K - amulet of regeneration
HPRegen 1.12/turn               (no ring)
MPRegen 0.16/turn               s - ring of Irrepressible Laughter {rF+ AC+4 Int+8, =R}

@: studying Fighting
A: horns 2, retaliatory headbutt
a: Renounce Religion, Heroism, Finesse


You were on level 2 of the Orcish Mines.
You worshipped Okawaru.
Okawaru was greatly pleased with you.
You visited 3 branches of the dungeon, and saw 19 of its levels.

You collected 1703 gold pieces.

Inventory:

Hand Weapons
 a - a +4 short sword of electrocution
 b - a +0 scimitar of freezing (weapon)
 D - the +4 hand axe of the Shore {vorpal, rN+ SInv Stlth+}
   (You found it on level 6 of the Dungeon)

   It inflicts extra damage upon your enemies.
   rN:        It protects you from negative energy.
   SInv:      It lets you see invisible.
   Stlth:     It makes you more stealthy.
Missiles
 g - 2 silver javelins
 p - 8 poisoned darts
 q - 4 atropa-tipped darts (quivered)
 v - 11 javelins
 H - 5 throwing nets
 L - 6 curare-tipped darts
 N - 26 boomerangs
Armour
 c - a +0 buckler (worn)
 e - a +2 chain mail of poison resistance
 h - a +0 cloak (worn)
 P - a +2 plate armour of cold resistance (worn)
 X - the +2 pair of gloves "Hoakavusm" (worn) {Will+}
   (Okawaru gifted it to you on level 6 of the Lair of Beasts)

   Will:      It increases your willpower.
Jewellery
 o - the ring of Nedosi {rC+ rN+ Str-3 Int+6 SInv}
   (You found it on level 3 of the Lair of Beasts)

   [ring of intelligence]

   Str:       It affects your strength (-3).
   Int:       It affects your intelligence (+6).
   rC:        It protects you from cold.
   rN:        It protects you from negative energy.
   SInv:      It lets you see invisible.
 s - the ring of Irrepressible Laughter (right hand) {rF+ AC+4 Int+8, =R}
   (You acquired it on level 6 of the Lair of Beasts)

   [ring of protection]

   AC:        It affects your AC (+4).
   Int:       It affects your intelligence (+8).
   rF:        It protects you from fire.
 x - a ring of poison resistance
 J - a ring of wizardry
 K - an amulet of regeneration (around neck)
Wands
 y - a wand of polymorph (6)
 B - a wand of paralysis (12)
 G - a wand of iceblast (15)
 T - a wand of flame (20)
Scrolls
 C - 2 scrolls of teleportation
 O - a scroll of blinking
 R - 3 scrolls of vulnerability
 U - 5 scrolls of identify {@r1}
Potions
 d - 5 potions of might
 k - 3 potions of ambrosia
 l - 6 potions of curing
 m - 4 potions of haste
 t - 2 potions of flight
 u - 3 potions of lignification
 z - 4 potions of attraction
 A - 2 potions of cancellation
 Q - a potion of invisibility
 W - 2 potions of brilliance
Miscellaneous
 F - a tin of tremorstones (inert)


   Skills:
 + Level 15.0 Fighting
 - Level 5.7(10.9) Short Blades
 - Level 15.5(16.0) Long Blades
 - Level 8.4 Throwing
 + Level 10.7 Armour
 - Level 9.8 Dodging
 - Level 3.6 Shields
 - Level 8.4 Invocations
 - Level 7.9 Evocations


You had 13 spell levels left.
You didn't know any spells.
Your spell library contained the following spells:

 Spells                   Type           Power      Damage    Failure   Level
 Apportation              Tloc           0%         N/A       99%         1
 Foxfire                  Conj/Fire      0%         2x1d4     99%         1
 Freeze                   Ice            0%         1d3       99%         1
 Magic Dart               Conj           0%         1d3       99%         1
 Scorch                   Fire           0%         2d5       100%        2
 Searing Ray              Conj           0%         2d4       100%        2
 Conjure Flame            Conj/Fire      0%         6-21      100%        3
 Frozen Ramparts          Ice            0%         1d2       100%        3
 Inner Flame              Hex/Fire       0%         N/A       100%        3
 Mephitic Cloud           Conj/Pois/Air  0%         N/A       100%        3
 Cause Fear               Hex            0%         N/A       100%        4
 Flame Wave               Conj/Fire      0%         2d4       100%        4
 Fulminant Prism          Conj/Hex       0%         3d6       100%        4
 Hailstorm                Conj/Ice       0%         3d3       100%        4
 Alistair's Intoxication  Tmut/Pois      0%         N/A       100%        5
 Freezing Cloud           Conj/Ice/Air   0%         6-21      100%        5
 Irradiate                Conj/Tmut      0%         3d13      100%        5
 Yara's Violent Unravell  Hex/Tmut       0%         3d3       100%        5
 Eringya's Noxious Bog    Tmut/Pois      0%         N/A       100%        6
 Starburst                Conj/Fire      0%         6d3       100%        6
 Discord                  Hex            0%         N/A       100%        8
 Polar Vortex             Ice            0%         N/A       100%        9
 Call Imp                 Summ           Unusable   N/A       N/A         2
 Simulacrum               Ice/Necr       Unusable   N/A       N/A         6

Dungeon Overview and Level Annotations

Branches:
Dungeon (11/15)            Temple (0/1) D:5            Lair (6/6) D:9
 Shoals (0/4) Lair:2        Snake (0/4) Lair:3        Slime (0/5) Lair:6
    Orc (2/2) D:10
    Elf: Orc:2

Altars:
Ashenzari
Dithmenos
Elyvilon
Fedhas
Okawaru
Trog
Yredelemnul
Jiyva

Shops:
D:9 :

Annotations:
D:5 2 transporters
D:6 1 runed translucent door, bande's ghost, novice GrFi
Lair:4 1 runed translucent door, croobank's ghost, journeyman MiBe


Innate Abilities, Weirdness & Mutations

You have a pair of horns on your head.
You reflexively headbutt those who attack you in melee.


Message History

The orc knight is moderately wounded.
You feel like a meek peon again.
The orc knight hits you from afar with a +0 glaive.
Aiming: Iceblast
Press: ? - help, Shift-Dir - straight line The mass of ice explodes!
The iceblast engulfs the orc knight!!
The orc knight is almost dead.
The iceblast engulfs the orc wizard!!
You kill the orc wizard!
Okawaru accepts your kill.
The iceblast engulfs the orc knight!
The orc knight is heavily wounded.
The iceblast engulfs the orc knight!
The orc knight is moderately wounded.
The orc knight hits you but does no damage.
The orc knight hits you with a +0 battleaxe!!
You slash the orc knight! You freeze the orc knight.
You headbutt the orc knight, but do no damage.
The orc knight is severely wounded.
The orc knight hits you from afar with a +0 glaive.
The orc knight barely misses you. You furiously retaliate!
You headbutt the orc knight.
The orc knight hits you but does no damage.
The orc knight hits you with a +0 battleaxe!!
The orc knight hits you with a +0 war axe!!
The orc high priest hits you but does no damage.
Items here: $ ( ))))) [ †.
You hit the orc knight but do no damage.
The orc knight is severely wounded.
The orc knight no longer looks unusually strong.
The orc knight roars a battlecry!
The orc knight goes into a battle-frenzy!
The orc knight hits you but does no damage.
The orc knight hits you with a +0 war axe!!
* * * LOW HITPOINT WARNING * * *
There is a stone staircase leading up, spattered with blood here.
The orc knight hits you from afar with a +0 glaive!!
* * * LOW HITPOINT WARNING * * *
The orc knight hits you with a +0 battleaxe!!
You die...

### # ###.###.##
##@o......#
#.)o..##..###
##oo).......#
#))#)........
#.[[........#
#.((..........
#..(..[.......
....(.#........
....(...##......


You could see 3 orc knights and an orc high priest (strong).

Vanquished Creatures
  An orc warlord (Orc:1)
  A dire elephant (Lair:6)
  Harold (D:11)
  2 catoblepae
  2 hydras
  5 death yaks
  4 two-headed ogres
  A deep troll shaman (Lair:6)
  Urug (D:11)
  Amaemon (Lair:4)
  4 skeletal warriors (D:11)
  Nergalle (Lair:4)
  A wizard (D:11)
  6 orc knights
  2 orc sorcerers (Orc:1)
  2 ugly things
  A manticore (D:11)
  2 elephants (Lair:6)
  8 black mambas
  A torpor snail (Lair:4)
  An orange demon (Lair:4)
  6 rime drakes
  5 cane toads
  An unseen horror (D:11)
  8 komodo dragons
  2 trolls
  3 polar bears (Lair:6)
  10 blink frogs
  A shadow (D:10)
  5 wyverns
  43 yaks
  A basilisk (Lair:4)
  A vampire (D:10)
  2 steam dragons
  2 wargs (Orc:1)
  A two-headed ogre zombie (D:10)
  An acid dragon (D:11)
  15 water moccasins
  4 ice beasts (D:7)
  A swamp drake (Orc:1)
  3 black bears
  12 orc warriors
  19 wolves
  2 centaurs
  5 ogres
  4 phantoms
  3 kobold brigands
  13 bullfrogs
  3 necrophages
  5 gnoll sergeants
  6 wights
  4 scorpions
  9 killer bees
  3 howler monkeys
  3 jellies
  A hound (D:7)
  2 gnoll shamans (D:7)
  13 orc priests
  2 iguanas
  Terence (D:2)
  Natasha (thrice) (D:3)
  15 hell rats
  15 orc wizards
  7 ogre zombies (D:10)
  21 gnolls
  5 adders
  A shadow imp (D:7)
  2 white imps
  An ufetubus (D:5)
  2 worms
  4 dart slugs
  59 orcs
  9 ball pythons
  2 bats (D:3)
  6 endoplasms
  3 giant cockroaches
  7 goblins
  8 hobgoblins
  6 jackals
  4 quokkas
  5 frilled lizards
  2 goblin skeletons (D:10)
  3 goblin zombies (D:10)
  4 hobgoblin zombies (D:10)
  22 kobolds
  4 orc skeletons (D:10)
  12 orc zombies (D:10)
  4 rats
509 creatures vanquished.

Vanquished Creatures (others)
  89 fungi
  67 plants
156 creatures vanquished.

Grand Total: 665 creatures vanquished

Notes
Turn   | Place    | Note
-------+----------+-------------------------------------------
     0 | D:1      | dolemite99 the Minotaur Fighter began the quest for the
                  | Orb.
     0 | D:1      | Reached XP level 1. HP: 19/19 MP: 0/0
   358 | D:1      | Reached XP level 2. HP: 26/26 MP: 1/1
   487 | D:1      | Found a faded altar of an unknown god.
   513 | D:1      | Prayed at the altar of an unknown god.
   513 | D:1      | Became a worshipper of Warmaster Okawaru
   513 | D:1      | Reached * piety under Okawaru
  1163 | D:2      | Noticed Terence
  1169 | D:2      | Killed Terence
  1170 | D:2      | Reached XP level 3. HP: 19/31 MP: 2/2
  1292 | D:2      | You fall into a shaft and drop 2 floors!
  1292 | D:4      | Noticed a black bear
  1292 | D:4      | Found a broken altar of Ashenzari.
  1299 | D:4      | Killed a black bear
  1299 | D:4      | Reached ** piety under Okawaru
  1300 | D:4      | Reached XP level 4. HP: 34/39 MP: 3/3
  1300 | D:4      | Reached XP level 5. HP: 40/45 MP: 4/4
  2212 | D:4      | Reached XP level 6. HP: 44/51 MP: 2/5
  2258 | D:3      | Noticed Natasha
  2265 | D:3      | Killed Natasha
  2343 | D:3      | Noticed Natasha
  2349 | D:3      | Killed Natasha
  2446 | D:3      | Found a white marble altar of Elyvilon.
  2838 | D:3      | Noticed Natasha
  2842 | D:3      | Killed Natasha
  3818 | D:2      | Identified a scroll of acquirement
  3818 | D:2      | Acquired a manual of Fighting
  4384 | D:5      | Entered Level 5 of the Dungeon
  4506 | D:5      | Found a transporter.
  4512 | D:5      | Noticed a fire bat
  4569 | D:5      | Reached XP level 7. HP: 54/57 MP: 6/6
  4765 | D:5      | Found a transporter.
  4989 | D:5      | Found a staircase to the Ecumenical Temple.
  5083 | D:5      | Reached *** piety under Okawaru
  5725 | D:6      | Reached skill level 5 in Short Blades
  5813 | D:6      | Reached XP level 8. HP: 64/64 MP: 7/7
  6258 | D:6      | Identified the +4 hand axe of the Shore {vorpal, rN+ SInv
                  | Stlth+}
  6663 | D:6      | Reached skill level 10 in Long Blades
  6813 | D:6      | Found a runed translucent door.
  6816 | D:6      | Noticed bande's ghost (novice GrFi)
  7496 | D:7      | Noticed a brown ugly thing
  7510 | D:7      | Killed a brown ugly thing
  7510 | D:7      | Reached **** piety under Okawaru
  7634 | D:7      | Reached XP level 9. HP: 70/70 MP: 5/8
  7786 | D:7      | Identified the +5 short sword "Lorem Ipsum" {vorpal, Will-
                  | Str+5 Dex+4}
  8532 | D:7      | Received a gift from Okawaru
  9340 | D:7      | Found a blossoming altar of Fedhas.
 10386 | D:8      | Reached skill level 15 in Long Blades
 11122 | D:7      | HP: 2/70 [something (5)]
 11663 | D:7      | Reached skill level 5 in Fighting
 11663 | D:7      | Reached XP level 10. HP: 74/81 MP: 9/9
 13066 | D:8      | Found a bloodstained altar of Trog.
 13090 | D:8      | Found an iron altar of Okawaru.
 13091 | D:8      | Found a basalt altar of Yredelemnul.
 13093 | D:8      | Found a shadowy altar of Dithmenos.
 13313 | D:9      | Found a staircase to the Lair.
 13319 | D:9      | Noticed a two-headed ogre
 13338 | D:9      | Killed a two-headed ogre
 14282 | D:9      | Found Ydobopaxt's Book Shop.
 14660 | Lair:1   | Entered Level 1 of the Lair of Beasts
 14688 | Lair:1   | Reached ***** piety under Okawaru
 14689 | Lair:1   | Reached skill level 1 in Throwing
 14689 | Lair:1   | Reached skill level 1 in Invocations
 15191 | Lair:1   | Noticed a cane toad
 15197 | Lair:1   | Killed a cane toad
 15432 | Lair:1   | Got the Volume of Changing
 15881 | Lair:2   | Reached XP level 11. HP: 83/107 MP: 12/12
 15890 | Lair:2   | Received a gift from Okawaru
 15981 | Lair:2   | Received a gift from Okawaru
 16014 | Lair:2   | Found a frozen archway.
 16144 | Lair:2   | Found a staircase to the Shoals.
 16161 | Lair:2   | Reached skill level 5 in Throwing
 16161 | Lair:2   | Reached skill level 5 in Invocations
 16209 | Lair:2   | Received a gift from Okawaru
 16735 | Lair:3   | Identified the +10 storm dragon scales of the Gate {*Slow
                  | rElec Str+4} (Okawaru gifted it to you on level 3 of the
                  | Lair of Beasts)
 16735 | Lair:3   | Received a gift from Okawaru
 16791 | Lair:3   | Found a dark tunnel.
 16959 | Lair:3   | Identified the ring of Nedosi {rC+ rN+ Str-3 Int+6 SInv}
 17325 | Lair:3   | Found a staircase to the Snake Pit.
 17363 | Lair:3   | Identified the +12 halberd "Xonoh" {drain, rElec}
 17795 | Lair:4   | Noticed Amaemon
 17952 | Lair:4   | Found a runed translucent door.
 17953 | Lair:4   | Noticed croobank's ghost (journeyman MiBe)
 17981 | Lair:4   | Reached XP level 12. HP: 110/111 MP: 17/17
 18265 | Lair:4   | Noticed a death yak
 18289 | Lair:4   | Killed a death yak
 18353 | Lair:4   | Noticed Nergalle
 18363 | Lair:4   | Killed Nergalle
 18364 | Lair:4   | Reached skill level 5 in Armour
 18387 | Lair:4   | Killed Amaemon
 18995 | Lair:5   | Noticed a seven-headed hydra
 19006 | Lair:5   | Killed a seven-headed hydra
 19119 | Lair:5   | Noticed a catoblepas
 19132 | Lair:5   | Killed a catoblepas
 20109 | Lair:6   | Entered Level 6 of the Lair of Beasts
 20185 | Lair:6   | Reached skill level 1 in Evocations
 20228 | Lair:6   | Found a staircase to the Slime Pits.
 20228 | Lair:6   | Found a viscous altar of Jiyva.
 20236 | Lair:6   | Noticed an eight-headed hydra
 20248 | Lair:6   | Killed an eight-headed hydra
 20449 | Lair:6   | Reached skill level 5 in Evocations
 20500 | Lair:6   | Received a gift from Okawaru
 20751 | Lair:6   | Noticed a death yak
 20765 | Lair:6   | Killed a death yak
 20766 | Lair:6   | Reached XP level 13. HP: 104/122 MP: 16/18
 20772 | Lair:6   | Identified the +2 pair of gloves "Hoakavusm" {Will+}
                  | (Okawaru gifted it to you on level 6 of the Lair of Beasts)
 20772 | Lair:6   | Received a gift from Okawaru
 21065 | Lair:6   | Acquired the ring of Irrepressible Laughter {rF+ AC+4
                  | Int+8}
 21114 | Lair:6   | Reached skill level 1 in Dodging
 21708 | Lair:6   | Noticed a dire elephant
 21733 | Lair:6   | Killed a dire elephant
 21734 | Lair:6   | Reached skill level 5 in Dodging
 21752 | Lair:6   | Got Aju Koud's Volume of Flames and Envenoming
 22075 | D:10     | Entered Level 10 of the Dungeon
 22452 | D:10     | Found a staircase to the Orcish Mines.
 23485 | D:10     | Found the +4 skin of Zhor {*Englaciate rC+++ SInv}
 23551 | Orc:1    | Entered Level 1 of the Orcish Mines
 23581 | Orc:1    | Noticed an orc warlord
 23922 | D:11     | Received a gift from Okawaru
 24001 | D:11     | Received a gift from Okawaru
 24268 | D:11     | Noticed Urug
 24284 | D:11     | Killed Urug
 24345 | D:11     | Noticed Harold
 24358 | D:11     | Killed Harold
 25168 | Orc:1    | HP: 2/122 [orc warlord/+4 glaive of freezing (10)]
 25506 | Orc:1    | HP: 5/123 [orc warlord/+4 glaive of freezing (2)]
 25507 | Orc:1    | Killed an orc warlord
 25896 | Orc:1    | Noticed Sonja
 25897 | Orc:1    | Noticed Sonja
 25897 | Orc:1    | Sonja changed into Sonja the swamp drake
 25940 | Orc:1    | Killed Sonja the swamp drake
 26196 | Orc:2    | Entered Level 2 of the Orcish Mines
 26272 | Orc:1    | Reached XP level 14. HP: 84/132 MP: 19/19
 26522 | Orc:1    | Reached skill level 10 in Armour
 27043 | Orc:1    | Reached skill level 15 in Fighting
 27359 | Orc:2    | Mangled by an orc knight

Illustrated notes

Levels and vault maps discovered:
D:1:      dpeg_cavernosity, layout_loops_cross,
          shapermc_ecumenical_altar_starsandcircs, minmay_split_cup_small
D:2:      layout_loops_corners, minivault_25, uniq_terence
D:3:      layout_loops_ring, elyvilon_altar_3, uniq_natasha
D:4:      layout_basic, ashenzari_conservatory_becter
D:5:      gammafunk_cloud_chamber, layout_basic, minmay_temple_entry_overgrown,
          minivault_11, dreamdust_mushroom_princess, minivault_19
D:6:      layout_basic, ebering_ghost_sewer_d, sigmund_army
D:7:      layout_basic, mainiacjoe_overflow_alcove_4, minmay_checkerbox
D:8:      layout_cave_pools, minitemple, serial_park, serial_park_gazebo
          [serial_park_minivault_5x5_8], serial_park_square1
          [serial_park_minivault_5x5_5], serial_park_square3
          [serial_park_minivault_5x5_1]
D:9:      layout_long_grid, due_lair_maze_entry_diamond, serial_shops,
          nicolae_shop_behind_doors
D:10:     layout_loops_ring, zombieorc2_lemuel, hellmonk_guarded_unrand_zhor
D:11:     layout_loops_ring, serial_rivers, chequers_serial_rivers_small_b,
          chequers_serial_rivers_micro_c, chequers_serial_rivers_large_b,
          chequers_serial_rivers_room_a, chequers_serial_rivers_room_b,
          uniq_urug, uniq_harold
Lair:1:   layout_cave_pods, grunt_megastairs_2
Lair:2:   layout_misc_corridors, shoals_dummy_entry,
          portal_ice_cave_entry_pillars_1, minivault_19
Lair:3:   layout_concentric_octagons, guppyfry_snake_entry_garden,
          nicolae_volcano_entry_two_sided, beast_lair_carwin_7
Lair:4:   layout_regular_city, ebering_ghost_inner_flame, grunt_megastairs_5,
          serial_bayou_shore_a, lemuel_fruit_fields, lemuel_fruit_tree,
          uniq_amaemon, uniq_nergalle
Lair:5:   layout_layer_cave, infiniplex_staircase_pool_2
Lair:6:   grunt_lair_end_beastmaster, layout_regular_city, slime_altar_1,
          st_stairs_5
Orc:1:    layout_diamond_mine, uniq_sonja
Orc:2:    st_orc_elflike, layout_diamond_mine, guppyfry_orc_lava_fort,
          uniq_erolcha

Skill      XL: |  1  2  3  4  5  6  7  8  9 10 11 12 13 14 |
---------------+-------------------------------------------+-----
Long Blades    | 3 4 6 7 9 12 15 | 15.5
Short Blades   | 5 |  5.7
Fighting       | 5 13 14 15 | 15.0
Throwing       | 3 8 |  8.4
Invocations    | 3 8 |  8.4
Armour         | 9 10 | 10.7
Evocations     | 6 7 |  7.9
Dodging        | 9 |  9.8
Shields        | |  3.6

Action                   |  1- 3 |  4- 6 |  7- 9 | 10-12 | 13-15 || total
-------------------------+-------+-------+-------+-------+-------++-------
Melee: Long sword        |    36 |    45 |       |       |       ||    81
       Headbutt          |     6 |    26 |    49 |   116 |   139 ||   336
       Short sword       |       |    98 |    31 |       |       ||   129
       Scimitar          |       |       |   201 |   493 |   522 ||  1216
Throw: Dart              |    13 |    46 |   102 |    55 |   100 ||   316
       Javelin           |       |       |       |    35 |     9 ||    44
       Boomerang         |       |       |       |    73 |    37 ||   110
Invok: Heroism           |       |     2 |    13 |    35 |    35 ||    85
       Finesse           |       |       |       |     2 |     6 ||     8
Evoke: Wand              |       |       |       |     8 |    37 ||    45
       Tin of tremorston |       |       |       |     1 |     3 ||     4
  Use: Potion            |     1 |       |       |       |     3 ||     4
       Scroll            |       |     6 |     8 |    12 |     6 ||    32
 Stab: Invisible         |       |       |       |       |     4 ||     4
Armor: Scale mail        |    15 |    37 |       |       |       ||    52
       Chain mail        |       |     4 |   118 |   181 |   106 ||   409
       Plate armour      |       |       |       |       |   126 ||   126
Dodge: Dodged            |    11 |    55 |    92 |   168 |   184 ||   510
Block: Buckler           |     9 |    32 |    55 |   114 |    99 ||   309

Table legend: (Time is in decaauts)
 A = Elapsed time spent in this place.
 B = Non-inter-level travel time spent in this place.
 C = Inter-level travel time spent in this place.
 D = Time resting spent in this place.
 E = Time spent auto-exploring this place.
 F = Levels seen in this place.
 G = Mean time per level.
                   A        B        C        D        E       F      G
               +--------+--------+--------+--------+--------+-----+--------+
         Total |  27036 |  25473 |   1563 |   8604 |  12144 |  19 | 1422.9 |
       Dungeon |  18259 |  17045 |   1214 |   6804 |   7392 |  11 | 1659.9 |
          Lair |   7221 |   6901 |    320 |    818 |   4532 |   6 | 1203.5 |
  Orcish Mines |   1555 |   1527 |     28 |    981 |    219 |   2 |  777.5 |
               +--------+--------+--------+--------+--------+-----+--------+

Top non-repeatable levels by time:
     D:7: 4816 daAuts
    D:10: 2403 daAuts
  Lair:6: 1683 daAuts
     D:6: 1665 daAuts
  Lair:4: 1525 daAuts
     D:5: 1494 daAuts
   Orc:1: 1478 daAuts
     D:2: 1365 daAuts
     D:9: 1262 daAuts
     D:4: 1259 daAuts
    D:11: 1197 daAuts
     D:3: 1186 daAuts
  Lair:1: 1160 daAuts
  Lair:5: 1119 daAuts
     D:1: 902 daAuts
